 Dungeon Crawl Stone Soup version 0.15.0-31-geb66e34 (webtiles) character file.

487 Rhoefr the Ducker (level 7, -2/50 HPs)
             Began as a Formicid Death Knight on Sept 13, 2014.
             Was a Believer of Yredelemnul.
             Slain by an ogre
             ... wielding a cursed -2 giant club
              (23 damage)
             ... on Level 5 of the Dungeon.
             The game lasted 00:22:35 (5528 turns).

Rhoefr the Ducker (Formicid Death Knight)           Turns: 5528, Time: 00:22:35

HP  -2/50        AC  3     Str 19      XL: 7   Next: 36%
MP  13/13        EV 13     Int 11      God: Yredelemnul [**....]
Gold 235         SH  0     Dex 12      Spells:  0 memorised,  6 levels left

rFire  . . .     SeeInvis +     a - +1 falchion
rCold  . . .     Clarity  .     u - +0 leather armour
rNeg   . . .     rCorr    .     (no shield)
rPois  .         rRot     .     (helmet unavailable)
rElec  .         Spirit   .     (no cloak)
SustAb .         Warding  .     (no gloves)
rMut   .         Stasis   +     (no boots)
Gourm  .                        (no amulet)
MR     .....                    (no ring)
                                h - +2 ring of dexterity

@: not resistant to hostile enchantments, very unstealthy
A: permanent stasis, dig shafts and tunnels, four strong arms, antennae 3
a: Dig, Shaft Self, Animate Remains, Recall Undead Slaves, Injury Mirror,
Renounce Religion


You were on level 5 of the Dungeon.
You worshipped Yredelemnul.
Yredelemnul was pleased with you.
You were not hungry.

You visited 1 branch of the dungeon, and saw 5 of its levels.

You collected 235 gold pieces.

Inventory:

Hand weapons
 a - a +1 falchion (weapon)
 b - a +0 greatsling
Missiles
 d - 3 tomahawks (quivered)
Armour
 j - a +0 ring mail
 u - a +0 leather armour (worn)
Magical devices
 r - a wand of random effects (9)
Comestibles
 c - 2 bread rations
 n - 2 meat rations
Scrolls
 f - 3 scrolls of remove curse
 g - 2 scrolls of fear
 k - a scroll of enchant weapon {unknown}
 m - a scroll of fog
 p - a scroll of immolation {unknown}
 q - a scroll of identify
Jewellery
 h - a +2 ring of dexterity (left hand)
Potions
 e - a potion of lignification
 i - a potion of agility
 l - 2 potions of mutation
 o - a potion of resistance {unknown}
 s - a potion of invisibility {unknown}
 t - 2 potions of magic {unknown}


   Skills:
 - Level 2.1 Fighting
 + Level 4.8 Long Blades
 - Level 1.1 Armour
 - Level 5.1 Dodging
 - Level 3.3 Invocations


You had 6 spell levels left.
You didn't know any spells.

Dungeon Overview and Level Annotations

Branches:
Dungeon (5/15)             Temple (0/1) D:4

Altars:
Yredelemnul


Innate Abilities, Weirdness & Mutations

Your are under a permanent stasis effect.
You can dig through walls and to a lower floor.
Your four strong arms can wield two-handed weapons with a shield.
You have a pair of large antennae on your head (SInv).


Message History

Your jackal zombie closely misses the ogre.
You barely miss the ogre.
The ogre is severely wounded.
Your jackal zombie barely misses the ogre.
Your kobold zombie barely misses the ogre.
The ogre hits you with a giant club!
You barely miss the ogre.
The ogre is severely wounded.
Your jackal zombie barely misses the ogre.
Your kobold zombie barely misses the ogre.
The ogre misses you.
You hit the ogre but do no damage.
The ogre is severely wounded.
Your jackal zombie barely misses the ogre.
Your kobold zombie hits the ogre.
Your jackal zombie bites the ogre.
You completely miss the ogre.
The ogre is almost dead.
The ogre hits you with a giant club!!
You die...
Your body rises from the dead as a mindless zombie.

####### ### #.....#
#.####..!..#
##########..........#
........@Z.####.....#
.#####..OZ.$# #.....#
#....#### #.....#
#.....# #.....#
#.....# #.....####
#.##### #(......Z##
#. ########.....##...
.............(#####
#######.#####.....


You could see an ogre, a friendly jackal zombie and a friendly kobold zombie.

Vanquished Creatures
  An ogre (D:4)
  A centaur skeleton (D:4)
  A worker ant (D:4)
  2 orc wizards (D:3)
  Ijyb (D:3)
  4 adders
  3 gnolls (D:4)
  A shadow imp (D:5)
  A giant mite (D:2)
  2 oozes
  2 orcs
  7 hobgoblins
  6 jackals
  8 kobolds
  2 quokkas
  6 bats
  3 giant cockroaches
  A giant gecko (D:4)
  A giant gecko skeleton (D:4)
  3 giant newts
  10 goblins
  A goblin skeleton (D:5)
  A hobgoblin zombie (D:5)
  An orc zombie (D:5)
  8 rats
  A ballistomycete (D:4)
78 creatures vanquished.

Vanquished Creatures (collateral kills)
  A phantom (D:4)
  An ogre (D:4)
  A worker ant (D:3)
  2 adders
  An orc (D:3)
  A goblin (D:2)
  A hobgoblin (D:2)
  A giant cockroach (D:4)
  A giant newt (D:4)
  A hobgoblin skeleton (D:4)
  3 kobolds
14 creatures vanquished.

Vanquished Creatures (others)
  An adder zombie (D:2)
  A giant spore (D:4)
  A gnoll zombie (D:4)
  A quokka zombie (D:4)
  A rat zombie (D:3)
5 creatures vanquished.

Grand Total: 97 creatures vanquished

Notes
Turn   | Place    | Note
--------------------------------------------------------------
     0 | D:1      | Rhoefr, the Formicid Death Knight, began the quest for the Orb.
     0 | D:1      | Reached XP level 1. HP: 16/16 MP: 2/2
    81 | D:1      | Reached skill level 1 in Dodging
   342 | D:1      | Reached XP level 2. HP: 20/22 MP: 5/5
  1015 | D:2      | Reached XP level 3. HP: 23/27 MP: 6/6
  1181 | D:2      | Found a basalt altar of Yredelemnul.
  1502 | D:2      | Acquired Yredelemnul's second power
  1516 | D:2      | Reached XP level 4. HP: 22/33 MP: 8/8
  2061 | D:3      | Noticed Ijyb
  2077 | D:3      | Killed Ijyb
  2261 | D:3      | Reached skill level 4 in Dodging
  2261 | D:3      | Reached XP level 5. HP: 25/38 MP: 10/10
  3877 | D:4      | Found a staircase to the Ecumenical Temple.
  3881 | D:4      | Reached XP level 6. HP: 44/44 MP: 12/12
  4005 | D:4      | Reached skill level 5 in Dodging
  4469 | D:4      | Noticed an ogre
  4474 | D:4      | Killed an ogre
  4585 | D:4      | Reached XP level 7. HP: 50/50 MP: 13/13
  5185 | D:5      | Entered Level 5 of the Dungeon
  5528 | D:5      | Slain by an ogre

Action                   |  1- 3 |  4- 6 |  7- 9 || total
-------------------------+-------+-------+-------++-------
Melee: Falchion          |    90 |   174 |    48 ||   312
Invok: Animate Remains   |     4 |    12 |     3 ||    19
       Injury Mirror     |       |     1 |       ||     1
Evoke: Wand              |       |       |     1 ||     1
  Use: Scroll            |     3 |     5 |       ||     8
       Potion            |       |     2 |       ||     2
 Stab: Distracted        |       |     1 |       ||     1
  Eat: Chunk             |     1 |    10 |       ||    11
       Royal jelly       |       |     1 |       ||     1
       Bread ration      |       |       |     1 ||     1
